 Dungeon Crawl Stone Soup version 0.22-a0-252-gcace5d2 (webtiles) character file.

2423 HEYYEYAAE the Skirmisher (level 9, 31/72 HPs)
             Began as a Vampire Warper on Mar 2, 2018.
             Was a Follower of Uskayaw.
             Safely got out of the dungeon.
             The game lasted 00:20:42 (10069 turns).

HEYYEYAAE the Skirmisher (Vampire Warper)          Turns: 10069, Time: 00:20:43

Health: 31/72      AC:  7    Str: 13    XL:     9   Next: 24%
Magic:  12/12      EV: 12    Int: 17    God:    Uskayaw [*.....]
Gold:   384        SH:  6    Dex: 20    Spells: 8/12 levels left

rFire    . . .     SeeInvis +   v - +1 dagger (drain)
rCold    + + .     Gourm    .   k - +0 buckler
rNeg     + + +     Faith    .   d - +0 leather armour of Catatonia {rCorr Int+2}
rPois    ∞         Spirit   .   C - +2 helmet
rElec    .         Reflect  .   (no cloak)
rCorr    +         Harm     .   (no gloves)
MR       .....                  s - +0 pair of boots
Stlth    ++++......             (no amulet)
HPRegen  0.00/turn              a - +6 ring of dexterity
MPRegen  0.13/turn              (no ring)

@: bloodless, non-regenerating
A: fangs 3, see invisible, unbreathing
a: Bat Form, Stomp, Renounce Religion


You escaped.
You worshipped Uskayaw.
Uskayaw was noncommittal.
You were bloodless.

You visited 2 branches of the dungeon, and saw 8 of its levels.

You collected 384 gold pieces.

Inventory:

Hand Weapons
 g - a +0 hunting sling
 q - a +2 hunting sling of velocity
 v - a +1 dagger of draining (weapon)
Missiles
 j - 3 sling bullets
 t - 17 tomahawks (quivered)
 u - 3 tomahawks of returning
 x - 46 stones
Armour
 d - the +0 leather armour of Catatonia (worn) {rCorr Int+2}
   (You found it on level 6 of the Dungeon)

   It affects your intelligence (+2).
   It protects you from acid and corrosion.
 k - a +0 buckler (worn)
 l - a +2 shield
 s - a +0 pair of boots (worn)
 C - a +2 helmet (worn)
Jewellery
 a - a +6 ring of dexterity (left hand)
 f - an uncursed ring of wizardry {unknown}
 i - an uncursed ring of ice
 E - an uncursed ring of protection from cold {unknown}
 H - an uncursed ring of resist corrosion {unknown}
Wands
 m - a wand of digging (20)
 o - a wand of polymorph (2)
 A - a wand of enslavement (4)
 G - a wand of paralysis (14)
Scrolls
 b - 3 scrolls of remove curse
 c - 2 scrolls of blinking
 h - a scroll of enchant armour
 p - a scroll of immolation
 w - 6 scrolls of teleportation
 y - 2 scrolls of identify
 F - a scroll of fear
Potions
 e - 18 potions of blood
 n - 2 potions of mutation
 r - 2 potions of curing
 z - 3 potions of invisibility
 B - 2 potions of lignification
 D - a potion of resistance


   Skills:
 * Level 7.2 Fighting
 - Level 0.7 Throwing
 - Level 0.7 Armour
 - Level 2.1 Dodging
 + Level 5.8 Shields
 - Level 2.9 Unarmed Combat
 - Level 2.0 Spellcasting
 + Level 4.5 Translocations
 + Level 4.6 Evocations


You had 8 spell levels left.
You knew the following spells:

 Your Spells              Type           Power        Failure   Level  Hunger
a - Blink                 Tloc           N/A          5%          2    ###....
b - Shroud of Golubria    Chrm/Tloc      #.........   14%         2    ###....


Dungeon Overview and Level Annotations

Branches:
Dungeon (7/15)             Temple (1/1) D:4

Altars:
Ashenzari
Cheibriados
Elyvilon
Fedhas
Gozag
Hepliaklqana
Kikubaaqudgha
Makhleb
Nemelex Xobeh
Okawaru
Qazlal
Ru
Sif Muna
Trog
Uskayaw
Wu Jian
Xom
Yredelemnul
Zin
The Shining One


Innate Abilities, Weirdness & Mutations

You do not heal naturally.
You are immune to poison.
You have razor-sharp teeth.
You have supernaturally acute eyesight. (SInv)
You can survive without breathing.


Message History

You climb upwards.
There is a stone staircase leading down here.
The angel shouts!
The angel lectures its feet at length about obedience to the Law.
The angel lectures the ground at length about proper burial practice.
The angel lectures its feet at length about avoiding mutations.
There is a shimmering altar of Xom here.
The angel lectures its feet at length about the sacred Law of Zin.
There is a stone staircase leading up here.
You climb upwards.
There is a stone staircase leading down here.
There is a stone staircase leading up here.
You climb upwards.
There is a stone staircase leading down here.
There is an open gate here.
There is a staircase leading out of the dungeon here.
Are you sure you want to leave the Dungeon?
This will make you lose the game! [Y]es or [N]o only, please.
Are you sure you want to leave the Dungeon?
This will make you lose the game!
You have escaped!

...##.....#................######
...##.....#..........#...###....#
...##................#...# #.##.#
...##.....#......##.##...###.##.#
...........#.........#.......##.#
...####......##'''##.##########.#
...####......#.....#............#
...##........#.....#..###########
...##........#..@..#..###########
...##....###.#.....#.............
########.# #.#######..###########
..# #.# ###........# # #.# #.#
######...# # #.# #.# ##### # #.#
#.# # #.# #.# # #.# #.# #


There were no monsters in sight!

Vanquished Creatures
  A hippogriff (D:7)
  Sigmund (D:3)
  A sky beast (D:5)
  2 ice beasts
  2 slaves (D:7)
  A black bear (D:6)
  An orc warrior (D:6)
  An eye of draining (D:7)
  2 centaurs
  A big kobold (D:6)
  A bullfrog (D:6)
  A scorpion (D:4)
  A wight (D:5)
  3 bullfrog zombies
  3 orc priests
  A bullfrog skeleton (D:6)
  6 hounds
  8 orc wizards
  Ijyb (D:3)
  Terence (D:2)
  An iguana (D:7)
  3 worker ants
  A hound skeleton (D:4)
  9 adders
  A white imp (D:3)
  An ooze (D:1)
  An adder zombie (D:7)
  2 worms
  A dart slug (D:1)
  3 leopard geckos
  14 orcs
  2 giant cockroaches (D:4)
  12 hobgoblins
  13 jackals
  5 quokkas
  A ball python (D:4)
  11 bats
  4 frilled lizards
  7 goblins
  5 kobolds
  8 rats
144 creatures vanquished.

Vanquished Creatures (collateral kills)
  A phantom (D:6)
  A slave (D:7)
  A scorpion (D:6)
  A wight (D:5)
  A crimson imp (D:5)
  An orc wizard (D:6)
  2 orcs (D:6)
  3 kobolds (D:6)
11 creatures vanquished.

Vanquished Creatures (others)
  A slave (D:7)
1 creature vanquished.

Grand Total: 156 creatures vanquished

Notes
Turn   | Place    | Note
-------+----------+-------------------------------------------
     0 | D:1      | HEYYEYAAE the Vampire Warper began the quest for the Orb.
     0 | D:1      | Reached XP level 1. HP: 16/16 MP: 3/3
    88 | D:1      | Reached skill level 2 in Fighting
   167 | D:1      | Reached XP level 2. HP: 21/22 MP: 5/5
   716 | D:2      | Reached skill level 1 in Shields
   716 | D:2      | Reached XP level 3. HP: 23/28 MP: 6/6
   769 | D:2      | Found a sacrificial altar of Ru.
  1726 | D:2      | Reached XP level 4. HP: 34/34 MP: 7/7
  1930 | D:2      | Found a burning altar of Makhleb.
  2189 | D:3      | Found a glowing silver altar of Zin.
  2189 | D:3      | Found a shimmering altar of Xom.
  2189 | D:3      | Noticed an angel
  2189 | D:3      | Noticed Terence
  2193 | D:3      | Noticed Grinder
  2215 | D:2      | Killed Terence
  2215 | D:2      | Reached XP level 5. HP: 28/39 MP: 8/8
  2309 | D:3      | Noticed Grinder
  2309 | D:3      | Grinder changed into Grinder the white imp
  2312 | D:3      | Killed Grinder the white imp
  2401 | D:3      | Noticed Ijyb
  2435 | D:3      | Paralysed by Ijyb for 7 turns
  2451 | D:3      | Killed Ijyb
  2451 | D:3      | Reached skill level 3 in Fighting
  2451 | D:3      | Reached skill level 1 in Evocations
  2634 | D:3      | Noticed Sigmund
  2644 | D:3      | Killed Sigmund
  2644 | D:3      | Reached XP level 6. HP: 40/48 MP: 9/9
  3106 | D:4      | Reached skill level 4 in Fighting
  3118 | D:4      | Learned a level 2 spell: Blink
  3121 | D:4      | Learned a level 2 spell: Shroud of Golubria
  3635 | D:4      | Found an ornate altar of the Wu Jian Council.
  3882 | D:4      | Found a staircase to the Ecumenical Temple.
  4091 | D:4      | Reached XP level 7. HP: 32/55 MP: 10/10
  4220 | Temple   | Entered the Ecumenical Temple
  4261 | Temple   | Became a worshipper of Uskayaw the Reveler
  4321 | D:5      | Entered Level 5 of the Dungeon
  4358 | D:5      | Reached * piety under Uskayaw
  4488 | D:5      | Reached ** piety under Uskayaw
  5150 | D:6      | Reached skill level 5 in Fighting
  5769 | D:6      | Reached XP level 8. HP: 38/62 MP: 11/11
  6054 | D:6      | Found a glowing silver altar of Zin.
  6134 | D:6      | Reached *** piety under Uskayaw
  6137 | D:6      | Reached **** piety under Uskayaw
  6165 | D:6      | Got a fine leather armour
  6176 | D:6      | Identified the cursed +0 leather armour of Catatonia {rCorr Int+2} (You found it on level 6 of the Dungeon)
  6534 | D:6      | Reached skill level 5 in Shields
  6608 | D:6      | Found a blossoming altar of Fedhas.
  7172 | D:6      | Reached skill level 6 in Fighting
  8216 | D:7      | HP: 2/65 [centaur/arrow (7)]
  9089 | D:7      | Noticed a hippogriff
  9102 | D:7      | Killed a hippogriff
  9102 | D:7      | Reached XP level 9. HP: 54/71 MP: 12/12
  9418 | D:7      | Reached skill level 7 in Fighting
  9663 | D:7      | Noticed Pikel
  9666 | D:7      | Noticed Pikel
  9666 | D:7      | Pikel changed into Pikel the eye of draining
  9682 | D:7      | Killed Pikel the eye of draining
 10069 | D:$      | Safely got out of the dungeon.

Vault maps used:
D:1:      dpeg_arrival_windows_large_door
D:2:      makhleb_blood_cavern_becter, old_standard_altar
D:3:      grunt_temple_overflow_order_and_chaos_1, serial_bayou_crossing,
          uniq_grinder, uniq_terence, uniq_sigmund, uniq_ijyb
D:4:      kennysheep_little_box, minmay_temple_entry_fiery, first_ration,
          minivault_5
D:6:      basic_altar, hangedman_decor_riveting, minmay_parallelograms,
          corexii_item_surrounded_by_moat, fedhas_altar_1
D:7:      lemuel_round_altar, uniq_pikel
Temple:   eino_wide_crystal_templ

Skill      XL: |  1  2  3  4  5  6  7  8  9 |
---------------+----------------------------+-----
Fighting       | 2 3 4 5 6 7 |  7.2
Shields        | 1 2 3 4 5 |  5.8
Evocations     | 1 2 3 4 |  4.6
Translocations | 3 4 |  4.5
Throwing       | |  0.7
Armour         | |  0.7
Dodging        | |  2.1
Unarmed Combat | |  2.9
Spellcasting   | |  2.0

Action                   |  1- 3 |  4- 6 |  7- 9 || total
-------------------------+-------+-------+-------++-------
Melee: Unarmed           |   146 |     5 |       ||   151
       Bite              |     6 |     1 |    55 ||    62
       Punch             |     4 |     1 |     1 ||     6
       Dagger            |       |     1 |   459 ||   460
 Fire: Hunting sling     |       |   135 |     4 ||   139
Throw: Tomahawk          |     5 |    11 |    13 ||    29
Invok: Stomp             |       |       |     2 ||     2
Evoke: Wand              |       |    17 |    19 ||    36
  Use: Scroll            |     4 |     4 |     5 ||    13
       Potion            |       |     6 |    10 ||    16
 Stab: Sleeping          |     1 |       |    10 ||    11
       Paralysed         |       |       |    15 ||    15
Armor: Leather armour    |    75 |    19 |   126 ||   220
Dodge: Dodged            |   125 |    40 |   293 ||   458
Block: Buckler           |       |       |   108 ||   108

Table legend:
 A = Spawn XP
 B = Non-spawn XP
 C = Spawn XP percentage of total XP
 D = Spawn monster count
 E = Non-spawn monster count
 F = Spawn count percentage of total count
 G = Total turns spent on level
                    A         B        C        D         E        F      G
               +---------+---------+-------+---------+---------+-------+---------
         Total |       0 |    3462 |   0.0 |       0 |     152 |   0.0 | 10069
               +---------+---------+-------+---------+---------+-------+---------
           D:1 |       0 |      35 |   0.0 |       0 |      18 |   0.0 |   934
           D:2 |       0 |     172 |   0.0 |       0 |      29 |   0.0 |  1423
           D:3 |       0 |     372 |   0.0 |       0 |      22 |   0.0 |   830
           D:4 |       0 |     209 |   0.0 |       0 |      17 |   0.0 |  1193
           D:5 |       0 |     438 |   0.0 |       0 |      10 |   0.0 |  1634
           D:6 |       0 |    1319 |   0.0 |       0 |      40 |   0.0 |  3217
           D:7 |       0 |     917 |   0.0 |       0 |      16 |   0.0 |   781
               +---------+---------+-------+---------+---------+-------+---------
